 Dungeon Crawl Stone Soup version 0.24.0-13-gcf9b3192b9 (webtiles) character file.

Game seed: 10351287748570132284, levelgen mode: deterministic

898 EnegeticOcto the Chopper (level 7, 0/64 HPs)
             Began as a Deep Dwarf Fighter on Nov 10, 2019.
             Was an Initiate of Makhleb.
             Killed by nerve-wracking pain
             ... invoked by Menkaure
              (9 damage)
             ... on level 4 of the Dungeon.
             The game lasted 00:02:30 (2717 turns).

EnegeticOcto the Chopper (Deep Dwarf Fighter)       Turns: 2717, Time: 00:02:30

Health: 0/64       AC:  8    Str: 21    XL:     7   Next: 79%
Magic:  6/6        EV:  9    Int:  9    God:    Makhleb [......]
Gold:   256        SH: 10    Dex: 12    Spells: 6/6 levels left

rFire    . . .     SeeInvis .   a - +0 war axe
rCold    . . .     Gourm    .   c - +0 shield
rNeg     . . .     Faith    .   b - +0 scale mail
rPois    .         Spirit   .   (no helmet)
rElec    .         Reflect  .   (no cloak)
rCorr    .         Harm     .   (no gloves)
MR       +....                  i - +0 pair of boots
Stlth    ..........             (no amulet)
HPRegen  0.00/turn              (no ring)
MPRegen  0.10/turn              (no ring)

@: non-regenerating
A: damage resistance, heal wounds, sense surroundings 1, no regeneration
a: Heal Wounds, Renounce Religion


You were on level 4 of the Dungeon.
You worshipped Makhleb.
Makhleb was noncommittal.
You were not hungry.

You visited 2 branches of the dungeon, and saw 6 of its levels.

You collected 256 gold pieces.

Inventory:

Hand Weapons
 a - a +0 war axe (weapon)
Armour
 b - a +0 scale mail (worn)
 c - a +0 shield (worn)
 i - a +0 pair of boots (worn)
Wands
 r - a wand of clouds (5)
Scrolls
 f - 2 scrolls of magic mapping {unknown}
 h - a scroll of teleportation {unknown}
 j - 8 scrolls of identify {unknown}
 m - a scroll of enchant weapon {unknown}
 n - 5 scrolls of remove curse {unknown}
 p - a scroll of fog {unknown}
 q - a scroll of blinking {unknown}
 v - a scroll of amnesia {unknown}
Potions
 d - 3 potions of might {@q3}
 k - 3 potions of curing {unknown}
 l - 2 potions of agility {unknown}
 o - 2 potions of magic {unknown}
 s - 2 potions of degeneration {unknown}
 t - a potion of haste {@q4}
 u - 2 potions of invisibility {unknown}
 w - 2 potions of cancellation {unknown}
 x - a potion of mutation {unknown}
Comestibles
 e - 11 rations
 g - 3 chunks of flesh


   Skills:
 + Level 4.2 Fighting
 * Level 5.9 Axes
 + Level 5.1 Armour
 + Level 3.7 Dodging
 + Level 5.0 Shields
 * Level 1.5 Invocations


You had 6 spell levels left.
You didn't know any spells.
Your spell library contained the following spells:

 Spells                   Type           Power        Failure   Level  Hunger
 Magic Dart               Conj           #...         98%         1    ##.....
 Searing Ray              Conj           #.....       99%         2    ###....
 Dazzling Spray           Conj/Hex       #.....       100%        3    ####...
 Force Lance              Conj/Tloc      #.......     100%        4    #####..
 Fulminant Prism          Conj/Hex       #.........   100%        4    #####..
 Iskenderun's Mystic Bla  Conj           #.......     100%        4    #####..


Dungeon Overview and Level Annotations

Branches:
Dungeon (5/15)             Temple (1/1) D:4

Altars:
Ashenzari
Cheibriados
Dithmenos
Fedhas
Gozag
Makhleb
Qazlal
Ru
Sif Muna
Trog
Uskayaw
Vehumet
Wu Jian
Xom
Yredelemnul
Zin
The Shining One

Annotations:
D:4 1 runed translucent door, Crazy Yiuf, Menkaure


Innate Abilities, Weirdness & Mutations

You are resistant to damage.
You can heal yourself by infusing magical energy.
You passively map a small area around you.
You do not regenerate.


Message History

The phantom is heavily damaged.
The phantom blinks!
The phantom blinks!
You enter the shallow water.
Moving in this stuff is going to be slow.
The phantom hits you but does no damage.
Your unstable footing causes you to fumble your attack.
The phantom blinks!
You closely miss the phantom.
The phantom is heavily damaged.
You block the phantom's attack.
You hit the phantom.
The phantom is severely damaged.
The phantom hits you but does no damage. x2
You hit the phantom.
The phantom is severely damaged.
The phantom hits you but does no damage.
You slash the phantom!
You destroy the phantom!
Makhleb accepts your kill.
Your Shields skill increases to level 5!
Your Invocations skill increases to level 1!
No target in view!
No target in view!
No target in view!
No target in view!
No target in view!
No target in view!
Eating a chunk of flesh.
You eat the chunk of flesh.
This raw flesh tastes terrible.
Magic restored.
You enter the shallow water.
Moving in this stuff is going to be slow.
You butcher the worker ant corpse.
g - a chunk of flesh You enter the shallow water.
Moving in this stuff is going to be slow.
You butcher the giant cockroach corpse.
g - 3 chunks of flesh (gained 2)
You enter the shallow water.
Moving in this stuff is going to be slow.
Menkaure, Prince of Dust comes into view.
Menkaure shouts!
Menkaure is nearby!
Menkaure is nearby!
Menkaure is nearby!
Menkaure is nearby!
You barely miss Menkaure. Menkaure hits you!
You fail to use your ability.
Menkaure casts a spell at you. Pain shoots through your body!
You feel much better.
Menkaure calls on the powers of darkness!
Your body is wracked with pain!
You hit Menkaure.
Menkaure is lightly damaged.
You block Menkaure's attack.
You barely miss Menkaure.
Menkaure is lightly damaged.
You block Menkaure's attack.
You slash Menkaure!
Menkaure is severely damaged.
Menkaure points at you and mumbles some strange words.
Pain shoots through your body!
You hit Menkaure but do no damage.
Menkaure is severely damaged.
Menkaure closely misses you.
You barely miss Menkaure.
Menkaure is severely damaged.
Menkaure gestures wildly while chanting.
Menkaure seems to speed up.
Your magical essence is drained by the effort!
You feel much better. Menkaure hits you.
Your shield prevents you from hitting Menkaure.
Menkaure is severely damaged.
You block Menkaure's attack. Menkaure hits you but does no damage.
You hit Menkaure but do no damage.
Menkaure is severely damaged.
Menkaure hits you.
You barely miss Menkaure.
Menkaure is severely damaged.
Menkaure hits you!
You hit Menkaure but do no damage.
Menkaure is severely damaged.
Menkaure calls on the powers of darkness!
Your body is wracked with pain!
* * * LOW HITPOINT WARNING * * *
You block Menkaure's attack.
You hit Menkaure.
Menkaure is almost destroyed.
Menkaure closely misses you.
You hit Menkaure but do no damage.
Menkaure is almost destroyed.
Menkaure barely misses you. Menkaure hits you!
* * * LOW HITPOINT WARNING * * *
You barely miss Menkaure.
Menkaure is almost destroyed.
Menkaure points at you and mumbles some strange words.
Pain shoots through your body!
You die...

* * * # # * * * *
, * #####.#
#.M...# * ,### #@#
### * #, #.. #.#
#≈≈ ##. #.# #.#
#≈## #.#* #.# #.#
#≈≈###.# ##.# #.#
#≈≈≈##.###..# #.#
#≈≈≈≈#.......
#.####≈≈≈≈≈[≈≈≈≈≈≈
#.....≈≈≈≈≈≈≈≈.≈≈≈
######.≈≈≈≈≈≈≈≈.≈≈


You could see Menkaure.

Vanquished Creatures
  Eustachio (D:4)
  2 phantoms (D:4)
  A centaur (D:5)
  An ogre (D:4)
  A scorpion (D:5)
  An orc priest (D:4)
  Terence (D:2)
  3 worker ants (D:4)
  A hound skeleton (D:5)
  A worker ant zombie (D:5)
  A howler monkey zombie (D:5)
  6 gnolls
  7 adders
  2 worms (D:2)
  3 dart slugs (D:1)
  A leopard gecko (D:4)
  4 orcs (D:4)
  8 bats
  4 giant cockroaches
  10 goblins
  6 hobgoblins
  13 jackals
  A quokka (D:3)
  4 ball pythons
  3 frilled lizards
  10 kobolds
  A leopard gecko zombie (D:2)
  A quokka zombie (D:5)
  7 rats
105 creatures vanquished.

Notes
Turn   | Place    | Note
-------+----------+-------------------------------------------
     0 | D:1      | EnegeticOcto the Deep Dwarf Fighter began the quest for the
                  | Orb.
     0 | D:1      | Reached XP level 1. HP: 20/20 MP: 1/1
    32 | D:1      | Reached XP level 2. HP: 25/27 MP: 2/2
   150 | D:1      | Reached skill level 1 in Dodging
   334 | D:1      | Reached XP level 3. HP: 25/33 MP: 3/3
   528 | D:2      | Reached XP level 4. HP: 35/42 MP: 3/3
   899 | D:2      | Noticed Terence
   906 | D:2      | Killed Terence
  1030 | D:2      | Reached XP level 5. HP: 48/49 MP: 4/4
  1505 | D:3      | Found an opulent altar of Gozag.
  1916 | D:4      | Noticed Eustachio
  1929 | D:4      | Killed Eustachio
  1929 | D:4      | Reached XP level 6. HP: 49/57 MP: 5/5
  2011 | D:4      | Found a glowing silver altar of Zin.
  2137 | D:4      | Reached skill level 5 in Axes
  2137 | D:4      | Reached XP level 7. HP: 41/63 MP: 6/6
  2146 | D:4      | You fall into a shaft and drop 1 floor!
  2146 | D:5      | Entered Level 5 of the Dungeon
  2256 | D:5      | Found a hide-covered altar of Uskayaw.
  2292 | D:4      | Found a staircase to the Ecumenical Temple.
  2299 | D:4      | Reached skill level 5 in Armour
  2303 | Temple   | Entered the Ecumenical Temple
  2373 | Temple   | Became a worshipper of Makhleb the Destroyer
  2478 | D:4      | Found a runed translucent door.
  2479 | D:4      | Noticed Crazy Yiuf
  2651 | D:4      | Reached skill level 5 in Shields
  2651 | D:4      | Reached skill level 1 in Invocations
  2701 | D:4      | Noticed Menkaure
  2717 | D:4      | Killed from afar by Menkaure

Levels and vault maps discovered:
D:1:      mainiacjoe_arrival_reflecting_pool, layout_rooms,
          minmay_misc_feat_cross, chequers_serial_rivers_micro_b
D:2:      layout_loops_corners, minmay_tetromino_i2, uniq_terence
D:3:      layout_loops_ring, grunt_gozag_breadcrumbs
D:4:      layout_loops_ring, zin_scriptorium, minmay_temple_entry_proselytizer,
          serial_rivers, chequers_serial_rivers_marsh,
          chequers_serial_rivers_large_a, chequers_serial_rivers_small_3,
          chequers_serial_rivers_marsh, chequers_serial_rivers_small_3,
          chequers_serial_rivers_room_a, uniq_crazy_yiuf_cottage, uniq_menkaure,
          uniq_eustachio
D:5:      layout_gridville, eat_drink_and_be_merry_uskayaw, first_ration,
          lightli_minifort
Temple:   minmay_crystal_spiral_temple

Skill      XL: |  1  2  3  4  5  6  7 |
---------------+----------------------+-----
Dodging        | 1 2 3 |  3.7
Axes           | 3 4 5 |  5.9
Fighting       | 3 4 |  4.2
Shields        | 4 5 |  5.0
Armour         | 4 5 |  5.1
Invocations    | 1 |  1.5

Action                   |  1- 3 |  4- 6 |  7- 9 || total
-------------------------+-------+-------+-------++-------
Melee: War axe           |    74 |   188 |   123 ||   385
 Abil: Heal Wounds       |     2 |     3 |     5 ||    10
  Eat: Chunk             |       |     5 |     2 ||     7
Armor: Scale mail        |    47 |    78 |    50 ||   175
Dodge: Dodged            |    39 |    66 |    35 ||   140
Block: Shield            |    58 |   102 |    71 ||   231
